Map: Orbital Shipyard

Players

SticklerMac - Winner!

  • Race: Zerg Zerg
  • League: Silver

Industry

  • Race: Zerg Zerg
  • League: Silver

VOD

Have the link to the VOD?

Description

Time

  • Played on: Oct. 1, 2015, 1:22 p.m.
  • Length: 4:36
Show
View Real Time Build Order
Export as new Build Order

SticklerMac Zerg - Winner!

Build Orders: Pool First 

Get SALT Encoding   

  12  0:01  Drone  
  13  0:10  Drone  
  14  0:18  Overlord  
  14  0:36  Drone x3  
  17  0:47  Spawning Pool  
  16  0:51  Drone  
  16  0:54  Extractor  
  16  1:03  Drone  
  17  1:21  Drone x2  
  19  1:29  Hatchery  
  18  1:35  Zergling x2  
  19  1:41  Zergling x2  
  20  1:49  Queen  
  22  1:58  Overlord  
  22  2:03  Overlord  
  22  2:12  Metabolic Boost  
  22  2:16  Drone  
  23  2:23  Baneling Nest  
  23  2:28  Zergling x2  
  23  2:36  Zergling x2  
  24  2:43  Queen  
  26  2:45  Zergling x2  
  26  2:54  Zergling x4  
  28  3:01  Overlord  
  27  3:17  Zergling x6  
  27  3:18  Zergling x2  
  27  3:19  Zergling x2  
  32  3:24  Zergling x2  
  32  3:35  Baneling x3  
  32  3:36  Zergling x4  
  34  3:43  Zergling x4  
  35  4:00  Zergling x8  
  38  4:05  Zergling x2  
  38  4:13  Zergling x2  
  38  4:14  Zergling x4  
  40  4:18  Drone  
Show
View Real Time Build Order
Export as new Build Order

Industry Zerg 

Build Orders: Hatch First 

Get SALT Encoding   

  12  0:01  Drone  
  13  0:12  Overlord  
  13  0:18  Drone  
  14  0:32  Drone x2  
  16  0:50  Hatchery  
  16  0:54  Drone  
  16  0:56  Drone  
  17  1:10  Spawning Pool  
  16  1:14  Drone  
  16  1:18  Drone  
  18  1:41  Hatchery, Drone  
  18  1:45  Drone  
  19  1:50  Overlord  
  19  1:59  Queen  
  21  2:04  Zergling x2  
  22  2:17  Queen  
  22  2:20  Zergling x2  
  22  2:21  Drone  
  26  2:24  Drone  
  27  2:33  Drone x3  
  30  2:38  Zergling x4  
  32  2:51  Drone x2  
  34  2:53  Queen  
  34  2:55  Overlord  
  36  3:03  Overlord  
  36  3:07  Drone  
  35  3:24  Roach Warren, Extractor  
  33  3:27  Queen  
  33  3:28  Extractor  
  33  3:30  Drone  
  33  3:31  Drone x2  
  33  3:32  Drone x3  
  40  3:35  Zergling x4  
  40  3:40  Zergling x6  
  40  4:05  Roach x2  
  40  4:14  Roach x2  
Tags
 
Add a new tag
Caveats
  • Supply blocks, unpowered buildings, or Contaminate may cause inaccurate times.
  • Supply counts are checked every 10 seconds.